 Dungeon Crawl Stone Soup version 0.27.1-33-g824d729ab1 (webtiles) character file.

Game seed: 7388078753672960054

4 Karpo the Firebug (level 1, -2/14 HPs)
             Began as a Hill Orc Fire Elementalist on Dec 30, 2021.
             Slain by a jackal (3 damage)
             ... on level 1 of the Dungeon on Dec 31, 2021.
             The game lasted 00:01:12 (148 turns).

Karpo the Firebug (Hill Orc Fire Elementalist)       Turns: 148, Time: 00:01:14

Health: -2/14      AC:  2    Str: 10    XL:     1   Next: 60%
Magic:  1/3        EV: 12    Int: 15    God:
Gold:   21         SH:  0    Dex: 11    Spells: 2/3 levels left

rFire    . . .     SeeInvis .   (no weapon)
rCold    . . .     Faith    .   (no shield)
rNeg     . . .     Spirit   .   a - +0 robe
rPois    .         Reflect  .   (no helmet)
rElec    .         Harm     .   (no cloak)
rCorr    .         Rampage  .   (no gloves)
Will     .....                  (no boots)
Stlth    ++........             (no amulet)
HPRegen  0.04/turn              (no ring)
MPRegen  0.08/turn              (no ring)

@: no status effects
A: no striking features
a: no special abilities


You were on level 1 of the Dungeon.
You visited 1 branch of the dungeon, and saw 2 of its levels.

You collected 21 gold pieces.

Inventory:

Missiles
 b - 8 datura-tipped darts
Armour
 a - a +0 robe (worn)


   Skills:
 + Level 1.5 Dodging
 + Level 1.7 Stealth
 + Level 1.5 Spellcasting
 + Level 1.0 Conjurations
 + Level 3.5 Fire Magic


You had 2 spell levels left.
You knew the following spells:

 Your Spells              Type           Power      Damage    Failure   Level
a - Foxfire               Conj/Fire      28%        2x1d5     10%         1

Your spell library contained the following spells:

 Spells                   Type           Power      Damage    Failure   Level
 Conjure Flame            Conj/Fire      7%         6-21      28%         3
 Inner Flame              Hex/Fire       6%         N/A       34%         3
 Sticky Flame             Conj/Fire      7%         2d3       67%         4
 Fireball                 Conj/Fire      3%         3d4       95%         5


Dungeon Overview and Level Annotations

Branches:
Dungeon (2/15)

Altars:


Message History

The slug dart misses you.
There is an open door here.
You close the door.
You start resting.
Magic restored.
You open the door.
A kobold comes into view. It is wielding a +0 dagger.
The kobold shouts!
A jackal comes into view.
The kobold throws a stone.
The stone hits you.
There is an open door here.
You close the door.
As you open the door, it creaks loudly!
A jackal comes into view.
There is an open door here.
The jackal bites you. The jackal misses you.
Casting: Foxfire (safe; 10% risk of failure)
Confirm with . or Enter, or press ? or * to list all spells.
You conjure some foxfire!
The jackal barely misses you. The kobold hits you but does no damage.
The jackal barely misses you. The jackal bites you.
The foxfire hits the jackal.
The jackal is severely wounded.
The foxfire hits the jackal.
You kill the jackal!
The giant cockroach barely misses you. The jackal bites you.
Casting: Foxfire (safe; 10% risk of failure)
Confirm with . or Enter, or press ? or * to list all spells.
You conjure some foxfire!
The jackal misses you.
The giant cockroach bites you but does no damage.
The kobold hits you with a +0 dagger.
* * * LOW HITPOINT WARNING * * *
Your foxfire dissipates!
The foxfire hits the giant cockroach.
The giant cockroach is heavily wounded.
The jackal bites you.
* * * LOW HITPOINT WARNING * * *
The jackal bites you.
You die...

####...#####
#..........# ....
##..........####....
.+..........+.......
##..........#.......
#....w......+.....
##..........#...#+#
##..........#...#.###
..............KB@...+
#############..h..###
............'.(...+
#############.....#
..........
............
............. ####
............. ....
..............


You could see a jackal, a giant cockroach and a kobold.

Vanquished Creatures
  A bat (D:1)
  An endoplasm (D:1)
  A jackal (D:1)
3 creatures vanquished.

Vanquished Creatures (others)
  9 foxfires (D:1)
9 creatures vanquished.

Grand Total: 12 creatures vanquished

Notes
Turn   | Place    | Note
-------+----------+-------------------------------------------
     0 | D:1      | Karpo the Hill Orc Fire Elementalist began the quest for
                  | the Orb.
     0 | D:1      | Reached XP level 1. HP: 14/14 MP: 3/3
   148 | D:1      | Slain by a jackal

Illustrated notes

Levels and vault maps discovered:
D:1:      dpeg_arrival_leaves_temple_mockup, layout_basic,
          shapermc_ecumenical_altar_venn
D:2:      layout_basic, dk_noncrumbling_2

Action                   || total
-------------------------++-------
 Cast: Foxfire           ||     6
Armor: Robe              ||     2
Dodge: Dodged            ||     6
